 Dungeon Crawl Stone Soup version 0.24-b1 (webtiles) character file.

Game seed: 12172622075724164601, levelgen mode: deterministic

331 Kohma the Insei (level 6, -1/38 HPs)
             Began as an Octopode Transmuter on Oct 13, 2019.
             Slain by an orc
             ... wielding a +0 hand axe
              (5 damage)
             ... on level 4 of the Dungeon.
             The game lasted 00:06:36 (3191 turns).

Kohma the Insei (Octopode Transmuter)               Turns: 3191, Time: 00:06:37

Health: -1/38      AC:  2    Str:  9    XL:     6   Next: 52%
Magic:  4/10       EV: 20    Int: 15    God:
Gold:   168        SH:  0    Dex: 20    Spells: 5/11 levels left

rFire    . . .     SeeInvis .     - Unarmed
rCold    . . .     Gourm    .   (shield currently unavailable)
rNeg     . . .     Faith    .   (helmet currently unavailable)
rPois    x         Spirit   .   (no amulet)
rElec    .         Reflect  .   (no ring)
rCorr    .         Harm     .   (no ring)
MR       .....                  (no ring)
Stlth    ++........             (no ring)
HPRegen  0.12/turn              (no ring)
MPRegen  0.12/turn              (no ring)
                                (no ring)
                                (no ring)

@: lethally poisoned (-1 -> -2), spider-form, very slightly contaminated
A: tiny, almost no armour, stealthy swim, (amphibious), 8 rings, (constrict 8)
a: End Transformation


You were on level 4 of the Dungeon.
You were hungry.
You were a venomous arachnid creature.
You visited 1 branch of the dungeon, and saw 4 of its levels.

You collected 168 gold pieces.

Inventory:

Missiles
 a - 64 arrows
 m - 2 boomerangs (quivered)
Jewellery
 e - a +3 amulet of reflection {unknown}
 o - a cursed ring of teleportation {unknown}
Wands
 q - a wand of random effects (21)
Scrolls
 d - 2 scrolls of amnesia {unknown}
 h - 5 scrolls of teleportation {unknown}
 i - 5 scrolls of identify {unknown}
 j - 2 scrolls of immolation {unknown}
 s - a scroll of random uselessness {unknown}
 t - a scroll of remove curse {unknown}
Potions
 b - 2 potions of berserk rage {unknown}
 f - a potion of degeneration {unknown}
 g - a potion of curing {unknown}
 k - a potion of lignification {unknown}
 l - a potion of brilliance {unknown}
 n - 2 potions of might {unknown}
 r - a potion of flight {unknown}
 u - a potion of heal wounds {unknown}
Comestibles
 c - 7 rations
 p - 4 chunks of flesh


   Skills:
 - Level 1.0 Fighting
 - Level 2.0 Dodging
 - Level 5.2 Unarmed Combat
 - Level 3.1 Spellcasting
 - Level 3.0 Transmutations
 + Level 3.4 Poison Magic


You had 5 spell levels left.
You knew the following spells:

 Your Spells              Type           Power        Failure   Level  Hunger
a - Beastly Appendage     Tmut           ##....       16%         1    #......
b - Sticks to Snakes      Tmut           ##......     22%         2    ##.....
c - Spider Form           Tmut/Pois      ##........   34%         3    ###....

Your spell library contained the following spells:

 Spells                   Type           Power        Failure   Level  Hunger
 Ice Form                 Ice/Tmut       #.......     87%         4    #####..
 Blade Hands              Tmut           ##........   94%         5    ######.
 Malign Gateway           Summ/Tloc      #.........   100%        7    #######
 Monstrous Menagerie      Summ           #.........   100%        7    #######
 Summon Greater Demon     Summ           #.........   100%        7    #######
 Summon Horrible Things   Summ           #.........   100%        8    #######


Dungeon Overview and Level Annotations

Branches:
Dungeon (4/15)
 Temple: D:4-7

Altars:
Xom


Innate Abilities, Weirdness & Mutations

You cannot wear most types of armour.
You are very stealthy in the water. (Stealth+)
((You are amphibious.))
You can wear up to eight rings at the same time.
((You can use your tentacles to constrict eight enemies at once.))
((Your skin changes colour to match your surroundings (Stealth+).))
((Your rubbery body absorbs attacks. (AC +1, EV +1)))


Message History

You turn into a venomous arachnid creature.
You lose your grip on the orc priest.
The orc misses you.
The orc priest hits you but does no damage.
The orc closely misses you.
You hit the orc priest.
The orc priest is poisoned.
The orc priest is almost dead.
The orc misses you.
The orc priest begins to cast a cantrip, but forgets the words!
You hit the orc priest.
You kill the orc priest!
Training target 3.0 for Spellcasting reached!
Your Spellcasting skill increases to level 3!
The orc completely misses you.
You barely miss the orc.
You feel sick. The orc hits you but does no damage.
The orc hits you with a +0 hand axe.
* * * LOW HITPOINT WARNING * * *
You hit the orc.
The orc is poisoned.
The orc is moderately wounded.
The orc barely misses you. The orc hits you with a +0 hand axe.
You die...

.... #..... +###
..... ... #... ...
... ....
######h####....
...........# .
#.#####...##o##....
..........†s).'....
######.#.##o##...(
#.#(##.# . #.#..#.#
#.##.#.# #.##.#.#
#......# ####..##
..#####.##


You could see 2 orcs.

Vanquished Creatures
  A centaur (D:3)
  A hound (D:4)
  Crazy Yiuf (D:2)
  3 orc priests
  6 adders
  An ooze (D:1)
  3 dart slugs
  A leopard gecko (D:1)
  4 orcs (D:3)
  4 bats
  A giant cockroach (D:2)
  3 goblins
  3 hobgoblins
  3 jackals (D:4)
  5 kobolds
  2 quokkas (D:4)
  A frilled lizard (D:1)
  4 rats
47 creatures vanquished.

Notes
Turn   | Place    | Note
-------+----------+-------------------------------------------
     0 | D:1      | Kohma the Octopode Transmuter began the quest for the Orb.
     0 | D:1      | Reached XP level 1. HP: 13/13 MP: 3/3
   228 | D:1      | Reached XP level 2. HP: 2/18 MP: 5/5
   943 | D:2      | Found a faded altar of an unknown god.
   996 | D:2      | Reached XP level 3. HP: 21/23 MP: 6/6
  1088 | D:2      | Learned a level 2 spell: Sticks to Snakes
  1092 | D:2      | Learned a level 3 spell: Spider Form
  1239 | D:2      | Reached skill level 4 in Unarmed Combat
  1796 | D:2      | Reached XP level 4. HP: 26/28 MP: 5/7
  1936 | D:2      | Found a runed translucent door.
  1937 | D:2      | Noticed Crazy Yiuf
  1946 | D:2      | Killed Crazy Yiuf
  2103 | D:3      | Noticed a centaur
  2117 | D:3      | Killed a centaur
  2117 | D:3      | Reached skill level 5 in Unarmed Combat
  2117 | D:3      | Reached skill level 1 in Poison Magic
  2117 | D:3      | Reached XP level 5. HP: 28/33 MP: 6/8
  2131 | D:3      | Found a shimmering altar of Xom.
  2388 | D:3      | Reached XP level 6. HP: 8/38 MP: 4/9
  3191 | D:4      | Slain by an orc

Skill      XL: |  1  2  3  4  5  6 |
---------------+-------------------+-----
Unarmed Combat | 4 5 |  5.2
Transmutations | 3 |  3.0
Poison Magic   | 1 2 3 |  3.4
Spellcasting   | 3 |  3.1
Fighting       | |  1.0
Dodging        | |  2.0

Action                   |  1- 3 |  4- 6 || total
-------------------------+-------+-------++-------
Melee: Unarmed           |    44 |    77 ||   121
       Constrict         |    13 |    13 ||    26
       Kick              |     4 |     5 ||     9
       Punch             |     2 |       ||     2
       Tentacles         |     6 |    14 ||    20
 Cast: Beastly Appendage |     6 |     7 ||    13
       Spider Form       |       |     4 ||     4
 Stab: Sleeping          |     5 |     3 ||     8
  Eat: Chunk             |     2 |     5 ||     7
Armor: Skin              |     4 |     2 ||     6
Dodge: Dodged            |    21 |    53 ||    74
